Avalanche vs Lightning

Created - 23 janvier 2017 at 19:07

Goals
1 2 3 T
Avalanche 2 2 1 5
Lightning 2 0 5 7
Shots
1 2 3 T
Avalanche 11 14 11 36
Lightning 16 7 19 42

1st period

1. Lightning , Chris Higgins 5 (Andy Rogers, Wayne Simmonds) at 0:49
2. Avalanche , Mike Comrie 4 (Brandon Yip, Johnny Boychuk) at 4:02
3. Lightning , Robert Nilsson 25 (Henrik Zetterberg) at 4:10
4. Avalanche , Bryan Little 9 (Mikkel Boedker, Jack Johnson) at 12:02

Penalties :
Logan Couture (TB.) for Holding (Minor) at 18:09

2nd period

5. Avalanche , Jay Bouwmeester 7 (Johnny Boychuk, Bryan Little) at 0:06 (PP)
6. Avalanche , Bryan Little 10 (Corey Perry, Andrei Kostitsyn) at 15:13 (PP)

Penalties :
Paul Stastny (Col) for Hooking (Minor) at 1:46, Chris Higgins (TB.) for Slashing (Minor) at 6:45, Steve Bernier (TB.) for Slashing (Minor) at 9:49, Robert Nilsson (TB.) for Hooking (Minor) at 14:59, Pernell Karl Subban (Col) for Holding (Minor) at 16:07, Shane O'Brien (Col) for Hooking (Minor) at 0:00

3rd period

7. Lightning , John Carlson 4 (Brent Burns) at 0:30 (PP)
8. Lightning , Chris Higgins 6 (Brent Burns) at 3:27
9. Lightning , Pierre-Marc Bouchard 9 (Steve Bernier, Daniel Carcillo) at 4:38
10. Lightning , Henrik Zetterberg 24 (Jeff Schultz) at 5:35 (SH)
11. Avalanche , Andrei Kostitsyn 18 (Bryan Little) at 5:43 (PP)
12. Lightning , Kris Versteeg 18 (Henrik Zetterberg, Robert Nilsson) at 12:24

Penalties :
Wayne Simmonds (TB.) for High sticking (Minor) at 5:27, Chuck Kobasew (Col) for Boarding (Minor) at 8:07, Wayne Simmonds (TB.) for Holding Stick (Minor) at 13:37, Daniel Carcillo (TB.) for Holding (Minor) at 17:21

Goalie Stats

Semyon Varlamov (Col), 35 saves from 42 shots - (0,833), L, 7-13-2, 60:00 minutes
Jaroslav Halak (TB.), 31 saves from 36 shots - (0,861), W, 14-15-2, 60:00 minutes

Players Stats for Avalanche

Player Name              G  A  P  +/- PIM S  H  SB GA TA FO     MP     PP MP  PK MP  
------------------------------------------------------------------------------------
Alexander Radulov        0  0  0  -3  0   4  4  1  0  0  1/1    20:04   4:23   1:22 
Andrei Kostitsyn         1  1  2  -4  0   2  4  1  0  1  1/1    21:02   5:46   1:29 
Andrew Ladd              0  0  0   1  0   2  0  0  0  0  0/0     9:28   0:14   1:44 
Brandon Yip              0  1  1   1  0   2  0  0  0  0  0/0     8:44   0:07   1:11 
Bryan Little             2  2  4  -1  0   8  1  0  0  1  12/27  20:22   5:50   0:00 
Chuck Kobasew            0  0  0  -1  2   1  0  0  0  0  0/0     9:31   0:00   2:40 
Corey Perry              0  1  1  -1  0   3  4  0  0  0  0/1    20:25   5:53   0:00 
David Krejci             0  0  0  -1  0   3  0  0  0  0  5/10    8:18   0:10   0:47 
Jack Johnson             0  1  1   1  0   1  2  0  0  2  0/0    21:57   0:00   3:50 
Jay Bouwmeester          1  0  1  -2  0   3  2  0  0  0  0/0    18:53   6:33   0:48 
Johnny Boychuk           0  2  2  -4  0   0  0  0  0  3  0/0    19:18   6:33   0:00 
Marc Staal               0  0  0   1  0   1  1  0  0  0  0/0    26:18   3:50   3:43 
Mike Comrie              1  0  1   1  0   2  0  0  0  0  4/6    10:39   0:00   3:43 
Mikkel Boedker           0  1  1   0  0   2  0  0  3  0  1/1    19:23   4:23   0:00 
Paul Stastny             0  0  0  -3  2   1  2  0  1  0  15/29  18:41   4:23   0:00 
Pernell Karl Subban      0  0  0  -3  2   0  0  1  0  0  0/0    19:14   3:50   1:50 
Ryan Smyth               0  0  0  -1  0   1  1  0  0  0  0/0     6:48   0:00   0:00 
Shane O'Brien            0  0  0  -1  2   0  1  0  0  1  0/0    14:24   0:00   2:45 

Players Stats for Lightning

Player Name              G  A  P  +/- PIM S  H  SB GA TA FO     MP     PP MP  PK MP  
------------------------------------------------------------------------------------
Andy Rogers              0  1  1   1  0   0  1  0  0  0  0/0    11:51   0:00   2:28 
Brent Burns              0  2  2   1  0   1  2  1  2  1  0/0    31:44   4:11   6:45 
Chris Higgins            2  0  2   2  2   5  2  0  1  0  1/1    17:22   2:56   3:03 
Daniel Carcillo          0  1  1   0  2   4  2  0  0  0  0/0    11:37   0:00   2:29 
Darroll Powe             0  0  0   0  0   3  1  0  0  0  2/4     7:46   0:00   0:32 
Henrik Zetterberg        1  2  3   2  0   6  1  1  0  0  7/13   24:32   3:32   6:05 
Jeff Schultz             0  1  1   1  0   4  1  0  0  1  0/0    28:59   2:17   6:45 
John Carlson             1  0  1   3  0   5  0  0  1  0  0/0    19:07   4:11   0:20 
Kris Versteeg            1  0  1   1  0   4  2  1  2  0  1/5    21:12   3:32   2:30 
Logan Couture            0  0  0   2  2   0  2  1  0  0  9/18   12:18   0:00   0:00 
Pierre-Luc Létourneau    0  0  0   0  0   1  2  0  0  0  0/0     7:23   0:00   0:16 
Pierre-Marc Bouchard     1  0  1   0  0   3  1  0  0  0  4/7    11:28   2:56   0:00 
Robert Nilsson           1  1  2   2  2   2  2  0  0  0  12/26  24:17   3:32   5:51 
Sheldon Keefe            0  0  0   0  0   2  0  0  1  1  0/0     7:45   0:00   0:00 
Steve Bernier            0  1  1   0  2   0  0  0  1  0  0/0    11:29   2:56   0:00 
Victor Hedman            0  0  0   1  0   0  0  0  0  1  0/0    12:33   2:17   0:50 
Wayne Simmonds           0  1  1   2  4   2  0  0  0  0  1/2    12:21   0:00   0:00 
Wes O'Neill              0  0  0   1  0   0  1  0  0  0  0/0    15:46   0:00   3:38 

3 Stars

1 - Bryan Little (Col)
2 - Henrik Zetterberg (TB.)
3 - Chris Higgins (TB.)

Power Play

Avalanche - 3 on 7 Attempt(s) - 42,86%
Lightning - 1 on 4 Attempt(s) - 25,00%

Penalty Kill

Avalanche - 3 on 4 Attempt(s) - 75,00% - Score 0 goal in Penalty Kill
Lightning - 4 on 7 Attempt(s) - 57,14% - Score 1 goal in Penalty Kill

Team Stat

Avalanche - Hits : 22 - Faceoff Wins : 39 - Blocked Shots : 3 - Penalty Minutes : 8
Lightning - Hits : 20 - Faceoff Wins : 37 - Blocked Shots : 4 - Penalty Minutes : 14

Official

Referees : McCreary Bill and Pollock Kevin
Linesman : Tim Nowak and Bryan Pancich

Game Notes

Andy Rogers is injured at 1:26 of 3rd period (Back Surgery)

Finance

Level 1 -- Attendance: 4053 (67,55%) -- Ticket Income 445 830 $
Level 2 -- Attendance: 3548 (70,96%) -- Ticket Income 209 332 $
Level 3 -- Attendance: 1318 (65,90%) -- Ticket Income 51 402 $
Level 4 -- Attendance: 2088 (52,20%) -- Ticket Income 73 080 $
Luxury Box -- Attendance: 649 (64,90%) -- Ticket Income 136 290 $
Game was played at the Tampa Bay Stadium.
Total Attendance: 11656 (64,76%)
Total Ticket Income: 915 934 $
Other Income: 137 390 $
Total Income: 1 053 324 $

Avalanche

5 vs 5 Forward 
   Center                   Left Wing                Right Wing               Time % Phy DF OF 
 1 Bryan Little             Mikkel Boedker           Corey Perry              35     1   2  2  
 2 Paul Stastny             Andrei Kostitsyn         Alexander Radulov        35     1   2  2  
 3 Mike Comrie              Andrew Ladd              Brandon Yip              15     1   2  2  
 4 David Krejci             Ryan Smyth               Chuck Kobasew            15     1   2  2  

5 vs 5 Defense 
   Defense                  Defense                                           Time % Phy DF OF 
 1 Marc Staal               Jack Johnson                                      40     1   2  2  
 2 Shane O'Brien            Jay Bouwmeester                                   30     1   2  2  
 3 Pernell Karl Subban      Johnny Boychuk                                    30     1   2  2  
 4 Marc Staal               Jack Johnson                                      0      1   2  2  

PowerPlay Forward 
   Center                   Left Wing                Right Wing               Time % Phy DF OF 
 1 Bryan Little             Andrei Kostitsyn         Corey Perry              60     1   2  2  
 2 Paul Stastny             Mikkel Boedker           Alexander Radulov        40     1   2  2  

PowerPlay Defense
   Defense                  Defense                                           Time % Phy DF OF 
 1 Jay Bouwmeester          Johnny Boychuk                                    60     1   2  2  
 2 Marc Staal               Pernell Karl Subban                               40     1   2  2  

Penalty Kill 4 Players Forward 
   Center                   Wing                     Time % Phy DF OF 
 1 Mike Comrie              Chuck Kobasew            60     1   2  2  
 2 Brandon Yip              Andrew Ladd              40     1   2  2  

Penalty Kill 4 Players Defense
   Defense                  Defense                  Time % Phy DF OF 
 1 Marc Staal               Jack Johnson             60     1   2  2  
 2 Pernell Karl Subban      Shane O'Brien            40     1   2  2  

Penalty Kill - 3 Players Forward 
   Forward                                           Time % Phy DF OF 
 1 Mike Comrie                                       60     1   2  2  
 2 Chuck Kobasew                                     40     1   2  2  

Penalty Kill - 3 Players Defense
   Defense                  Defense                  Time % Phy DF OF 
 1 Pernell Karl Subban      Marc Staal               60     1   2  2  
 2 Shane O'Brien            Jack Johnson             40     1   2  2  

4 vs 4 Forward 
   Center                   Wing                     Time % Phy DF OF 
 1 Corey Perry              Andrei Kostitsyn         60     1   2  2  
 2 Mikkel Boedker           Bryan Little             40     1   2  2  

4 vs 4 Defense
   Defense                  Defense                  Time % Phy DF OF 
 1 Marc Staal               Jack Johnson             60     1   2  2  
 2 Shane O'Brien            Jay Bouwmeester          40     1   2  2  

Last Minutes Offensive
   Center                   Left Wing                Right Wing               Defense                  Defense                  
   Bryan Little             Andrei Kostitsyn         Corey Perry              Marc Staal               Jack Johnson             

Last Minutes Defensive
   Center                   Left Wing                Right Wing               Defense                  Defense                  
   Mike Comrie              Mikkel Boedker           Chuck Kobasew            Marc Staal               Jack Johnson             

Goaltenders
Starting : Semyon Varlamov          
Backup : Dan Ellis                

Extra Forwards
Normal : Corey Perry, Paul Stastny, Alexander Radulov - PP : Corey Perry, Paul Stastny - PK : Alexander Radulov
Extra Defensemen
Normal : Pernell Karl Subban, Marc Staal, Shane O'Brien - PP : Pernell Karl Subban - PK : Jack Johnson, Shane O'Brien
Penalty Shots
Corey Perry, Andrei Kostitsyn, Mikkel Boedker, Bryan Little, Mike Comrie

Lightning

5 vs 5 Forward 
   Center                   Left Wing                Right Wing               Time % Phy DF OF 
 1 Robert Nilsson           Henrik Zetterberg        Kris Versteeg            40     1   2  2  
 2 Logan Couture            Chris Higgins            Wayne Simmonds           30     1   2  2  
 3 Pierre-Marc Bouchard     Daniel Carcillo          Steve Bernier            20     1   2  2  
 4 Darroll Powe             Pierre-Luc Létourneau    Sheldon Keefe            10     1   2  2  

5 vs 5 Defense 
   Defense                  Defense                                           Time % Phy DF OF 
 1 Brent Burns              Jeff Schultz                                      40     1   2  2  
 2 John Carlson             Andy Rogers                                       30     1   2  2  
 3 Wes O'Neill              Victor Hedman                                     20     1   2  2  
 4 Brent Burns              Jeff Schultz                                      10     1   2  2  

PowerPlay Forward 
   Center                   Left Wing                Right Wing               Time % Phy DF OF 
 1 Robert Nilsson           Henrik Zetterberg        Kris Versteeg            60     1   2  2  
 2 Pierre-Marc Bouchard     Chris Higgins            Steve Bernier            40     1   2  2  

PowerPlay Defense
   Defense                  Defense                                           Time % Phy DF OF 
 1 Brent Burns              John Carlson                                      60     1   2  2  
 2 Victor Hedman            Jeff Schultz                                      40     1   2  2  

Penalty Kill 4 Players Forward 
   Center                   Wing                     Time % Phy DF OF 
 1 Henrik Zetterberg        Robert Nilsson           60     1   2  2  
 2 Kris Versteeg            Chris Higgins            40     1   2  2  

Penalty Kill 4 Players Defense
   Defense                  Defense                  Time % Phy DF OF 
 1 Brent Burns              Jeff Schultz             60     1   2  2  
 2 Wes O'Neill              Andy Rogers              40     1   2  2  

Penalty Kill - 3 Players Forward 
   Forward                                           Time % Phy DF OF 
 1 Sheldon Keefe                                     60     1   2  2  
 2 Wayne Simmonds                                    40     1   2  2  

Penalty Kill - 3 Players Defense
   Defense                  Defense                  Time % Phy DF OF 
 1 Brent Burns              Jeff Schultz             60     1   2  2  
 2 John Carlson             Andy Rogers              40     1   2  2  

4 vs 4 Forward 
   Center                   Wing                     Time % Phy DF OF 
 1 Henrik Zetterberg        Robert Nilsson           60     1   2  2  
 2 Kris Versteeg            Chris Higgins            40     1   2  2  

4 vs 4 Defense
   Defense                  Defense                  Time % Phy DF OF 
 1 Brent Burns              Jeff Schultz             60     1   2  2  
 2 John Carlson             Andy Rogers              40     1   2  2  

Last Minutes Offensive
   Center                   Left Wing                Right Wing               Defense                  Defense                  
   Robert Nilsson           Henrik Zetterberg        Kris Versteeg            Brent Burns              Jeff Schultz             

Last Minutes Defensive
   Center                   Left Wing                Right Wing               Defense                  Defense                  
   Robert Nilsson           Henrik Zetterberg        Kris Versteeg            Brent Burns              Jeff Schultz             

Goaltenders
Starting : Jaroslav Halak           
Backup : Tyler Weiman             

Extra Forwards
Normal : Daniel Carcillo, Sheldon Keefe, Darroll Powe - PP : Logan Couture, Sheldon Keefe - PK : Daniel Carcillo
Extra Defensemen
Normal : Wes O'Neill, Victor Hedman, John Carlson - PP : Wes O'Neill - PK : Victor Hedman, John Carlson
Penalty Shots
Henrik Zetterberg, Robert Nilsson, Kris Versteeg, Chris Higgins, Pierre-Marc Bouchard

% Time on Ice - Avalanche

Lines # - Real PCT - Wanted PCT - Time Play
Normal Forward
1 - 34% - 35% - 14:40
2 - 34% - 35% - 14:49
3 - 16% - 15% - 6:52
4 - 16% - 15% - 6:48
Normal Defense
1 - 43% - 40% - 18:33
2 - 29% - 30% - 12:28
3 - 28% - 30% - 12:08
4 - 0% - 0% - 0:00
PP Forward
1 - 58% - 60% - 6:00
2 - 42% - 40% - 4:23
PP Defense
1 - 63% - 60% - 6:33
2 - 37% - 40% - 3:50
PK Forward
1 - 82% - 60% - 5:17
2 - 18% - 40% - 1:11
PK Defense
1 - 57% - 60% - 3:43
2 - 43% - 40% - 2:45
PK3 Forward
1 - 0% - 60%
2 - 0% - 40%
PK3 Defense
1 - 0% - 60%
2 - 0% - 40%
44 Forward
1 - 0% - 60%
2 - 0% - 40%
44 Defense
1 - 0% - 60%
2 - 0% - 40%
Last Minute Offensive  - 0:00
Last Minute Defensive  - 0:00
Total
Forward - 60:00
Defense - 60:00

% Time on Ice - Lightning

Lines # - Real PCT - Wanted PCT - Time Play
Normal Forward
1 - 35% - 40% - 15:09
2 - 29% - 30% - 12:26
3 - 20% - 20% - 8:29
4 - 16% - 10% - 7:05
Normal Defense
1 - 42% - 40% - 18:20
2 - 33% - 30% - 14:08
3 - 20% - 20% - 8:35
4 - 5% - 10% - 2:06
PP Forward
1 - 55% - 60% - 3:32
2 - 45% - 40% - 2:56
PP Defense
1 - 65% - 60% - 4:11
2 - 35% - 40% - 2:17
PK Forward
1 - 76% - 60% - 7:53
2 - 24% - 40% - 2:30
PK Defense
1 - 65% - 60% - 6:45
2 - 35% - 40% - 3:38
PK3 Forward
1 - 0% - 60%
2 - 0% - 40%
PK3 Defense
1 - 0% - 60%
2 - 0% - 40%
44 Forward
1 - 0% - 60%
2 - 0% - 40%
44 Defense
1 - 0% - 60%
2 - 0% - 40%
Last Minute Offensive  - 0:00
Last Minute Defensive  - 0:00
Total
Forward - 60:00
Defense - 60:00

Play by Play

1st period


0:01 of 1st period - Bryan Little wins face-off versus Robert Nilsson in neutral zone.
0:07 of 1st period - Icing by Kris Versteeg.
0:08 of 1st period - Robert Nilsson wins face-off versus Bryan Little in Lightning zone.
0:39 of 1st period - Wrist shot by Robert Nilsson.
0:39 of 1st period - Shot Misses the Net.
0:41 of 1st period - Slapshot by Jeff Schultz.
0:41 of 1st period - Stopped by Semyon Varlamov without a rebound.
0:42 of 1st period - Logan Couture wins face-off versus Paul Stastny in Avalanche zone.
0:47 of 1st period - Slapshot by Wayne Simmonds.
0:47 of 1st period - Stopped by Semyon Varlamov with a rebound.
0:49 of 1st period - Slapshot by Andy Rogers.
0:49 of 1st period - Deflect By Chris Higgins.
0:49 of 1st period - Goal by Chris Higgins - Avalanche : 0 - Lightning : 1.
0:50 of 1st period - Alexander Radulov wins face-off versus Pierre-Marc Bouchard in neutral zone.
1:54 of 1st period - Corey Perry is hit by Pierre-Luc Létourneau and loses puck.
2:02 of 1st period - Off-side.
2:03 of 1st period - Logan Couture wins face-off versus Paul Stastny in neutral zone.
2:06 of 1st period - Wrist shot by Chris Higgins.
2:06 of 1st period - Shot Blocked by Pernell Karl Subban.
2:32 of 1st period - Wrist shot by Daniel Carcillo.
2:32 of 1st period - Stopped by Semyon Varlamov without a rebound.
2:33 of 1st period - David Krejci wins face-off versus Pierre-Marc Bouchard in Avalanche zone.
2:35 of 1st period - Icing by Jack Johnson.
2:36 of 1st period - David Krejci wins face-off versus Robert Nilsson in Avalanche zone.
3:07 of 1st period - John Carlson is hit by Alexander Radulov.
3:15 of 1st period - Wrist shot by Chris Higgins.
3:15 of 1st period - Stopped by Semyon Varlamov with a rebound.
3:49 of 1st period - Pierre-Marc Bouchard is hit by Jay Bouwmeester and loses puck.
4:02 of 1st period - Wrist shot by Mike Comrie.
4:02 of 1st period - Goal by Mike Comrie - Avalanche : 1 - Lightning : 1.
4:03 of 1st period - Robert Nilsson wins face-off versus Paul Stastny in neutral zone.
4:10 of 1st period - Snap shot by Robert Nilsson.
4:10 of 1st period - Goal by Robert Nilsson - Avalanche : 1 - Lightning : 2.
4:11 of 1st period - Wayne Simmonds wins face-off versus Paul Stastny in neutral zone.
4:21 of 1st period - Jeff Schultz is hit by Paul Stastny and loses puck.
5:06 of 1st period - Off-side.
5:07 of 1st period - Paul Stastny wins face-off versus Logan Couture in neutral zone.
5:12 of 1st period - Victor Hedman is hit by Paul Stastny and loses puck.
5:23 of 1st period - Snap shot by Paul Stastny.
5:23 of 1st period - Shot Misses the Net.
5:59 of 1st period - Slapshot by David Krejci.
5:59 of 1st period - Stopped by Jaroslav Halak without a rebound.
6:00 of 1st period - Paul Stastny wins face-off versus Darroll Powe in Lightning zone.
6:30 of 1st period - Wrist shot by Corey Perry.
6:30 of 1st period - Shot Misses the Net.
6:32 of 1st period - Snap shot by Bryan Little.
6:32 of 1st period - Stopped by Jaroslav Halak with a rebound.
6:34 of 1st period - Snap shot by Bryan Little.
6:34 of 1st period - Stopped by Jaroslav Halak without a rebound.
6:35 of 1st period - Paul Stastny wins face-off versus Logan Couture in Lightning zone.
6:46 of 1st period - Snap shot by Alexander Radulov.
6:46 of 1st period - Stopped by Jaroslav Halak with a rebound.
7:31 of 1st period - Wrist shot by Chuck Kobasew.
7:31 of 1st period - Stopped by Jaroslav Halak without a rebound.
7:32 of 1st period - Paul Stastny wins face-off versus Robert Nilsson in Lightning zone.
7:57 of 1st period - Mikkel Boedker is hit by Chris Higgins and loses puck.
8:04 of 1st period - Wrist shot by Wayne Simmonds.
8:04 of 1st period - Stopped by Semyon Varlamov without a rebound.
8:05 of 1st period - Mike Comrie wins face-off versus Logan Couture in Avalanche zone.
8:38 of 1st period - Corey Perry is hit by Robert Nilsson.
9:03 of 1st period - Wrist shot by Alexander Radulov.
9:03 of 1st period - Stopped by Jaroslav Halak with a rebound.
9:21 of 1st period - Slapshot by Brent Burns.
9:21 of 1st period - Stopped by Semyon Varlamov without a rebound.
9:22 of 1st period - Darroll Powe wins face-off versus David Krejci in Avalanche zone.
9:25 of 1st period - Slapshot by Darroll Powe.
9:25 of 1st period - Stopped by Semyon Varlamov without a rebound.
9:26 of 1st period - Robert Nilsson wins face-off versus Bryan Little in Avalanche zone.
9:54 of 1st period - Off-side.
9:55 of 1st period - Pierre-Marc Bouchard wins face-off versus Paul Stastny in neutral zone.
11:21 of 1st period - Sheldon Keefe is hit by Alexander Radulov and loses puck.
11:27 of 1st period - Off-side.
11:28 of 1st period - Chris Higgins wins face-off versus Paul Stastny in neutral zone.
12:02 of 1st period - Wrist shot by Bryan Little.
12:02 of 1st period - Goal by Bryan Little - Avalanche : 2 - Lightning : 2.
12:03 of 1st period - Henrik Zetterberg wins face-off versus Bryan Little in neutral zone.
12:06 of 1st period - Snap shot by Robert Nilsson.
12:06 of 1st period - Shot Misses the Net.
12:08 of 1st period - Slapshot by Brent Burns.
12:08 of 1st period - Shot Misses the Net.
12:10 of 1st period - Slapshot by Brent Burns.
12:10 of 1st period - Deflect By Kris Versteeg.
12:10 of 1st period - Shot Misses the Net.
12:10 of 1st period - Puck is out of play.
12:11 of 1st period - Kris Versteeg wins face-off versus Bryan Little in Avalanche zone.
12:20 of 1st period - Snap shot by Henrik Zetterberg.
12:20 of 1st period - Stopped by Semyon Varlamov without a rebound.
12:21 of 1st period - Mike Comrie wins face-off versus Logan Couture in Avalanche zone.
12:21 of 1st period - Mike Comrie is hit by Logan Couture.
12:37 of 1st period - Shane O'Brien is hit by Chris Higgins and loses puck.
12:54 of 1st period - Wrist shot by Henrik Zetterberg.
12:54 of 1st period - Deflect By Andrei Kostitsyn.
12:54 of 1st period - Stopped by Semyon Varlamov without a rebound.
12:55 of 1st period - Robert Nilsson wins face-off versus Paul Stastny in Avalanche zone.
13:26 of 1st period - Snap shot by Daniel Carcillo.
13:26 of 1st period - Stopped by Semyon Varlamov without a rebound.
13:27 of 1st period - Bryan Little wins face-off versus Logan Couture in Avalanche zone.
13:34 of 1st period - Snap shot by Bryan Little.
13:34 of 1st period - Stopped by Jaroslav Halak without a rebound.
13:35 of 1st period - David Krejci wins face-off versus Logan Couture in Lightning zone.
13:50 of 1st period - Snap shot by David Krejci.
13:50 of 1st period - Stopped by Jaroslav Halak with a rebound.
14:23 of 1st period - Snap shot by Pierre-Marc Bouchard.
14:23 of 1st period - Stopped by Semyon Varlamov with a rebound.
14:25 of 1st period - Slapshot by John Carlson.
14:25 of 1st period - Stopped by Semyon Varlamov with a rebound.
14:27 of 1st period - Slapshot by Andy Rogers.
14:27 of 1st period - Shot Misses the Net.
16:04 of 1st period - Slapshot by Daniel Carcillo.
16:04 of 1st period - Stopped by Semyon Varlamov without a rebound.
16:05 of 1st period - Mikkel Boedker wins face-off versus Robert Nilsson in Avalanche zone.
16:12 of 1st period - Bryan Little is hit by Kris Versteeg and loses puck.
16:19 of 1st period - Wrist shot by Robert Nilsson.
16:19 of 1st period - Shot Misses the Net.
16:21 of 1st period - Snap shot by Henrik Zetterberg.
16:21 of 1st period - Stopped by Semyon Varlamov without a rebound.
16:22 of 1st period - Logan Couture wins face-off versus Paul Stastny in Avalanche zone.
17:34 of 1st period - John Carlson is hit by Corey Perry and loses puck.
17:59 of 1st period - Snap shot by Chris Higgins.
17:59 of 1st period - Shot Misses the Net.
18:09 of 1st period - Minor Penalty to Logan Couture for Holding.
18:10 of 1st period - Henrik Zetterberg wins face-off versus Bryan Little in Lightning zone.
18:10 of 1st period - Henrik Zetterberg is hit by Andrei Kostitsyn.
18:41 of 1st period - Snap shot by Corey Perry.
18:41 of 1st period - Deflect By Henrik Zetterberg.
18:41 of 1st period - Stopped by Jaroslav Halak without a rebound.
18:42 of 1st period - Paul Stastny wins face-off versus Henrik Zetterberg in Lightning zone.
Goals for this period are 2 for Avalanche vs 2 for Lightning .
Shots for this period are 11 for Avalanche vs 16 for Lightning .

2nd period


0:01 of 2nd period - Bryan Little wins face-off versus Henrik Zetterberg in neutral zone.
0:04 of 2nd period - Snap shot by Johnny Boychuk.
0:04 of 2nd period - Shot Misses the Net.
0:06 of 2nd period - Snap shot by Jay Bouwmeester.
0:06 of 2nd period - Goal by Jay Bouwmeester - Avalanche : 3 - Lightning : 2.
0:07 of 2nd period - Bryan Little wins face-off versus Robert Nilsson in neutral zone.
0:10 of 2nd period - Wrist shot by Mikkel Boedker.
0:10 of 2nd period - Shot Blocked by Kris Versteeg.
0:18 of 2nd period - Slapshot by Mikkel Boedker.
0:18 of 2nd period - Stopped by Jaroslav Halak with a rebound.
0:22 of 2nd period - Slapshot by Mikkel Boedker.
0:22 of 2nd period - Stopped by Jaroslav Halak with a rebound.
0:24 of 2nd period - Wrist shot by Marc Staal.
0:24 of 2nd period - Deflect By Bryan Little.
0:24 of 2nd period - Stopped by Jaroslav Halak with a rebound.
0:42 of 2nd period - Icing by Jeff Schultz.
0:43 of 2nd period - Logan Couture wins face-off versus David Krejci in Lightning zone.
0:59 of 2nd period - Wrist shot by David Krejci.
0:59 of 2nd period - Stopped by Jaroslav Halak with a rebound.
1:17 of 2nd period - Kris Versteeg is hit by Corey Perry.
1:24 of 2nd period - Off-side.
1:25 of 2nd period - Pierre-Marc Bouchard wins face-off versus Paul Stastny in neutral zone.
1:46 of 2nd period - Minor Penalty to Paul Stastny for Hooking.
1:47 of 2nd period - Mike Comrie wins face-off versus Robert Nilsson in Avalanche zone.
1:56 of 2nd period - Backhand shot by Jack Johnson.
1:56 of 2nd period - Shot Misses the Net.
2:56 of 2nd period - Alexander Radulov is hit by Henrik Zetterberg and loses puck.
3:46 of 2nd period - Penalty to Paul Stastny is over, Paul Stastny is back on ice.
3:55 of 2nd period - Mikkel Boedker is hit by Pierre-Luc Létourneau and loses puck.
4:06 of 2nd period - Darroll Powe is hit by Corey Perry and loses puck.
4:19 of 2nd period - Jay Bouwmeester is hit by Daniel Carcillo and loses puck.
4:49 of 2nd period - Snap shot by Mike Comrie.
4:49 of 2nd period - Shot Misses the Net.
5:16 of 2nd period - Slapshot by Jack Johnson.
5:16 of 2nd period - Deflect By Andrei Kostitsyn.
5:16 of 2nd period - Shot Misses the Net.
5:16 of 2nd period - Puck is out of play.
5:17 of 2nd period - Paul Stastny wins face-off versus Robert Nilsson in Lightning zone.
5:30 of 2nd period - Paul Stastny is hit by Kris Versteeg and loses puck.
6:03 of 2nd period - Andrew Ladd is hit by Jeff Schultz and loses puck.
6:16 of 2nd period - Slapshot by Darroll Powe.
6:16 of 2nd period - Shot Misses the Net.
6:34 of 2nd period - Slapshot by Jack Johnson.
6:34 of 2nd period - Deflect By David Krejci.
6:34 of 2nd period - Shot Misses the Net.
6:34 of 2nd period - Puck is out of play.
6:35 of 2nd period - Logan Couture wins face-off versus Bryan Little in Lightning zone.
6:45 of 2nd period - Minor Penalty to Chris Higgins for Slashing.
6:46 of 2nd period - Henrik Zetterberg wins face-off versus Bryan Little in Lightning zone.
7:16 of 2nd period - Snap shot by Paul Stastny.
7:16 of 2nd period - Shot Blocked by Brent Burns.
8:45 of 2nd period - Penalty to Chris Higgins is over, Chris Higgins is back on ice.
8:54 of 2nd period - Mikkel Boedker is hit by Logan Couture and loses puck.
9:11 of 2nd period - Andrew Ladd is hit by Darroll Powe and loses puck.
9:29 of 2nd period - Pernell Karl Subban is hit by Brent Burns and loses puck.
9:42 of 2nd period - Steve Bernier is hit by Ryan Smyth and loses puck.
9:49 of 2nd period - Minor Penalty to Steve Bernier for Slashing.
9:50 of 2nd period - Andrei Kostitsyn wins face-off versus Henrik Zetterberg in Lightning zone.
9:53 of 2nd period - Slapshot by Andrei Kostitsyn.
9:53 of 2nd period - Stopped by Jaroslav Halak with a rebound.
9:55 of 2nd period - Snap shot by Bryan Little.
9:55 of 2nd period - Stopped by Jaroslav Halak with a rebound.
9:57 of 2nd period - Backhand shot by Jay Bouwmeester.
9:57 of 2nd period - Stopped by Jaroslav Halak with a rebound.
9:59 of 2nd period - Snap shot by Johnny Boychuk.
9:59 of 2nd period - Shot Misses the Net.
10:29 of 2nd period - Brent Burns is hit by Andrei Kostitsyn and loses puck.
11:34 of 2nd period - Johnny Boychuk is hit by Wes O'Neill.
11:49 of 2nd period - Penalty to Steve Bernier is over, Steve Bernier is back on ice.
12:00 of 2nd period - Snap shot by Sheldon Keefe.
12:00 of 2nd period - Shot Misses the Net.
12:02 of 2nd period - Slapshot by Wes O'Neill.
12:02 of 2nd period - Shot Misses the Net.
12:04 of 2nd period - Snap shot by Pierre-Luc Létourneau.
12:04 of 2nd period - Stopped by Semyon Varlamov without a rebound.
12:05 of 2nd period - Pierre-Marc Bouchard wins face-off versus David Krejci in Avalanche zone.
12:33 of 2nd period - Slapshot by Mike Comrie.
12:33 of 2nd period - Stopped by Jaroslav Halak with a rebound.
12:35 of 2nd period - Snap shot by Marc Staal.
12:35 of 2nd period - Stopped by Jaroslav Halak with a rebound.
12:37 of 2nd period - Wrist shot by Brandon Yip.
12:37 of 2nd period - Shot Misses the Net.
12:53 of 2nd period - Wrist shot by Corey Perry.
12:53 of 2nd period - Stopped by Jaroslav Halak with a rebound.
13:13 of 2nd period - Andrei Kostitsyn is hit by Andy Rogers and loses puck.
13:20 of 2nd period - Wrist shot by Sheldon Keefe.
13:20 of 2nd period - Stopped by Semyon Varlamov with a rebound.
14:23 of 2nd period - Wrist shot by Andrei Kostitsyn.
14:23 of 2nd period - Deflect By Alexander Radulov.
14:23 of 2nd period - Shot Misses the Net.
14:23 of 2nd period - Puck is out of play.
14:24 of 2nd period - Logan Couture wins face-off versus Paul Stastny in Lightning zone.
14:35 of 2nd period - Wrist shot by Paul Stastny.
14:35 of 2nd period - Stopped by Jaroslav Halak without a rebound.
14:36 of 2nd period - Robert Nilsson wins face-off versus Bryan Little in Lightning zone.
14:59 of 2nd period - Minor Penalty to Robert Nilsson for Hooking.
15:00 of 2nd period - Henrik Zetterberg wins face-off versus Bryan Little in Lightning zone.
15:05 of 2nd period - Slapshot by Bryan Little.
15:05 of 2nd period - Stopped by Jaroslav Halak without a rebound.
15:06 of 2nd period - Bryan Little wins face-off versus Henrik Zetterberg in Lightning zone.
15:13 of 2nd period - Wrist shot by Bryan Little.
15:13 of 2nd period - Goal by Bryan Little - Avalanche : 4 - Lightning : 2.
15:14 of 2nd period - Bryan Little wins face-off versus Robert Nilsson in neutral zone.
15:41 of 2nd period - Jeff Schultz is hit by Jack Johnson and loses puck.
15:50 of 2nd period - Snap shot by Alexander Radulov.
15:50 of 2nd period - Shot Misses the Net.
16:07 of 2nd period - Minor Penalty to Pernell Karl Subban for Holding.
16:08 of 2nd period - Robert Nilsson wins face-off versus Mike Comrie in Avalanche zone.
16:45 of 2nd period - Brent Burns is hit by Shane O'Brien and loses puck.
18:07 of 2nd period - Penalty to Pernell Karl Subban is over, Pernell Karl Subban is back on ice.
18:17 of 2nd period - Wrist shot by Bryan Little.
18:17 of 2nd period - Deflect By Mikkel Boedker.
18:17 of 2nd period - Shot Misses the Net.
18:17 of 2nd period - Puck is out of play.
18:18 of 2nd period - Bryan Little wins face-off versus Darroll Powe in Lightning zone.
18:25 of 2nd period - Snap shot by Sheldon Keefe.
18:25 of 2nd period - Stopped by Semyon Varlamov with a rebound.
19:28 of 2nd period - Icing by Brent Burns.
19:29 of 2nd period - Robert Nilsson wins face-off versus Bryan Little in Lightning zone.
19:38 of 2nd period - Snap shot by Kris Versteeg.
19:38 of 2nd period - Shot Misses the Net.
19:50 of 2nd period - Snap shot by Robert Nilsson.
19:50 of 2nd period - Shot Misses the Net.
19:52 of 2nd period - Snap shot by Henrik Zetterberg.
19:52 of 2nd period - Stopped by Semyon Varlamov with a rebound.
19:54 of 2nd period - Slapshot by John Carlson.
19:54 of 2nd period - Deflect By Mikkel Boedker.
19:54 of 2nd period - Stopped by Semyon Varlamov with a rebound.
19:56 of 2nd period - Slapshot by John Carlson.
19:56 of 2nd period - Stopped by Semyon Varlamov with a rebound.
19:58 of 2nd period - Slapshot by John Carlson.
19:58 of 2nd period - Stopped by Semyon Varlamov without a rebound.
19:59 of 2nd period - Paul Stastny wins face-off versus Logan Couture in Avalanche zone.
0:00 of 3rd period - Minor Penalty to Shane O'Brien for Hooking.
Goals for this period are 2 for Avalanche vs 0 for Lightning .
Shots for this period are 14 for Avalanche vs 7 for Lightning .

3rd period


0:01 of 3rd period - Robert Nilsson wins face-off versus Mike Comrie in neutral zone.
0:30 of 3rd period - Slapshot by John Carlson.
0:30 of 3rd period - Goal by John Carlson - Avalanche : 4 - Lightning : 3.
0:31 of 3rd period - Robert Nilsson wins face-off versus Bryan Little in neutral zone.
0:38 of 3rd period - Snap shot by Henrik Zetterberg.
0:38 of 3rd period - Shot Misses the Net.
0:40 of 3rd period - Slapshot by Robert Nilsson.
0:40 of 3rd period - Shot Misses the Net.
0:42 of 3rd period - Slapshot by Jeff Schultz.
0:42 of 3rd period - Stopped by Semyon Varlamov with a rebound.
0:48 of 3rd period - Snap shot by Henrik Zetterberg.
0:48 of 3rd period - Stopped by Semyon Varlamov with a rebound.
1:25 of 3rd period - Andy Rogers is hit by Andrei Kostitsyn and loses puck.
1:26 of 3rd period - Andy Rogers from Lightning is injured at 1:26 of 3rd period (Back Surgery).
1:27 of 3rd period - Paul Stastny wins face-off versus Kris Versteeg in Lightning zone.
1:30 of 3rd period - Snap shot by Alexander Radulov.
1:30 of 3rd period - Stopped by Jaroslav Halak without a rebound.
1:31 of 3rd period - Robert Nilsson wins face-off versus Paul Stastny in Lightning zone.
1:43 of 3rd period - Snap shot by Kris Versteeg.
1:43 of 3rd period - Stopped by Semyon Varlamov without a rebound.
1:44 of 3rd period - Paul Stastny wins face-off versus Robert Nilsson in Avalanche zone.
2:31 of 3rd period - Slapshot by Jack Johnson.
2:31 of 3rd period - Stopped by Jaroslav Halak with a rebound.
2:51 of 3rd period - Wrist shot by Darroll Powe.
2:51 of 3rd period - Stopped by Semyon Varlamov with a rebound.
3:17 of 3rd period - Wrist shot by Henrik Zetterberg.
3:17 of 3rd period - Shot Blocked by Alexander Radulov.
3:19 of 3rd period - Snap shot by Kris Versteeg.
3:19 of 3rd period - Stopped by Semyon Varlamov with a rebound.
3:21 of 3rd period - Wrist shot by Kris Versteeg.
3:21 of 3rd period - Stopped by Semyon Varlamov without a rebound.
3:22 of 3rd period - Bryan Little wins face-off versus Logan Couture in Avalanche zone.
3:27 of 3rd period - Wrist shot by Chris Higgins.
3:27 of 3rd period - Goal by Chris Higgins - Avalanche : 4 - Lightning : 4.
3:28 of 3rd period - Paul Stastny wins face-off versus Robert Nilsson in neutral zone.
3:37 of 3rd period - Jeff Schultz is hit by Marc Staal and loses puck.
3:48 of 3rd period - Henrik Zetterberg is hit by Jack Johnson.
4:38 of 3rd period - Snap shot by Pierre-Marc Bouchard.
4:38 of 3rd period - Goal by Pierre-Marc Bouchard - Avalanche : 4 - Lightning : 5.
4:39 of 3rd period - Paul Stastny wins face-off versus Henrik Zetterberg in neutral zone.
4:42 of 3rd period - Jeff Schultz is hit by Alexander Radulov and loses puck.
5:27 of 3rd period - Minor Penalty to Wayne Simmonds for High sticking.
5:28 of 3rd period - Henrik Zetterberg wins face-off versus Corey Perry in Lightning zone.
5:33 of 3rd period - Slapshot by Jeff Schultz.
5:33 of 3rd period - Stopped by Semyon Varlamov with a rebound.
5:35 of 3rd period - Backhand shot by Henrik Zetterberg.
5:35 of 3rd period - Goal by Henrik Zetterberg - Avalanche : 4 - Lightning : 6.
5:36 of 3rd period - Bryan Little wins face-off versus Henrik Zetterberg in neutral zone.
5:43 of 3rd period - Wrist shot by Andrei Kostitsyn.
5:43 of 3rd period - Goal by Andrei Kostitsyn - Avalanche : 5 - Lightning : 6.
5:44 of 3rd period - Robert Nilsson wins face-off versus Paul Stastny in neutral zone.
5:51 of 3rd period - Slapshot by Robert Nilsson.
5:51 of 3rd period - Stopped by Semyon Varlamov with a rebound.
6:18 of 3rd period - Logan Couture is hit by Corey Perry and loses puck.
6:37 of 3rd period - John Carlson is hit by Jay Bouwmeester and loses puck.
7:02 of 3rd period - Slapshot by John Carlson.
7:02 of 3rd period - Deflect By Sheldon Keefe.
7:02 of 3rd period - Shot Misses the Net.
7:02 of 3rd period - Puck is out of play.
7:03 of 3rd period - Paul Stastny wins face-off versus Robert Nilsson in Avalanche zone.
7:10 of 3rd period - Kris Versteeg is hit by Alexander Radulov and loses puck.
7:17 of 3rd period - Slapshot by Andrei Kostitsyn.
7:17 of 3rd period - Shot Misses the Net.
7:19 of 3rd period - Snap shot by Alexander Radulov.
7:19 of 3rd period - Stopped by Jaroslav Halak with a rebound.
8:07 of 3rd period - Minor Penalty to Chuck Kobasew for Boarding.
8:08 of 3rd period - Mike Comrie wins face-off versus Robert Nilsson in Avalanche zone.
9:44 of 3rd period - Marc Staal is hit by Pierre-Marc Bouchard and loses puck.
10:07 of 3rd period - Penalty to Chuck Kobasew is over, Chuck Kobasew is back on ice.
10:14 of 3rd period - Snap shot by Chuck Kobasew.
10:14 of 3rd period - Shot Misses the Net.
10:17 of 3rd period - Icing by Pierre-Luc Létourneau.
10:18 of 3rd period - Darroll Powe wins face-off versus Bryan Little in Lightning zone.
10:29 of 3rd period - Snap shot by Corey Perry.
10:29 of 3rd period - Shot Misses the Net.
10:51 of 3rd period - Brent Burns is hit by Bryan Little and loses puck.
11:06 of 3rd period - Slapshot by Darroll Powe.
11:06 of 3rd period - Stopped by Semyon Varlamov without a rebound.
11:07 of 3rd period - Robert Nilsson wins face-off versus Paul Stastny in Avalanche zone.
11:08 of 3rd period - Wrist shot by Henrik Zetterberg.
11:08 of 3rd period - Shot Blocked by Andrei Kostitsyn.
11:14 of 3rd period - Robert Nilsson is hit by Andrei Kostitsyn and loses puck.
11:54 of 3rd period - Wrist shot by Ryan Smyth.
11:54 of 3rd period - Stopped by Jaroslav Halak without a rebound.
11:55 of 3rd period - Pierre-Marc Bouchard wins face-off versus David Krejci in Lightning zone.
12:02 of 3rd period - Snap shot by Daniel Carcillo.
12:02 of 3rd period - Stopped by Semyon Varlamov with a rebound.
12:04 of 3rd period - Slapshot by Jeff Schultz.
12:04 of 3rd period - Deflect By Pierre-Marc Bouchard.
12:04 of 3rd period - Stopped by Semyon Varlamov with a rebound.
12:06 of 3rd period - Slapshot by Jeff Schultz.
12:06 of 3rd period - Deflect By Jay Bouwmeester.
12:06 of 3rd period - Stopped by Semyon Varlamov without a rebound.
12:07 of 3rd period - Paul Stastny wins face-off versus Robert Nilsson in Avalanche zone.
12:24 of 3rd period - Snap shot by Kris Versteeg.
12:24 of 3rd period - Goal by Kris Versteeg - Avalanche : 5 - Lightning : 7.
12:25 of 3rd period - Paul Stastny wins face-off versus Kris Versteeg in neutral zone.
12:28 of 3rd period - Wrist shot by Andrei Kostitsyn.
12:28 of 3rd period - Shot Misses the Net.
12:57 of 3rd period - Snap shot by Chris Higgins.
12:57 of 3rd period - Stopped by Semyon Varlamov without a rebound.
12:58 of 3rd period - Logan Couture wins face-off versus Bryan Little in Avalanche zone.
13:01 of 3rd period - Snap shot by Chris Higgins.
13:01 of 3rd period - Stopped by Semyon Varlamov without a rebound.
13:02 of 3rd period - Logan Couture wins face-off versus Paul Stastny in Avalanche zone.
13:08 of 3rd period - Icing by Pernell Karl Subban.
13:09 of 3rd period - Paul Stastny wins face-off versus Robert Nilsson in Avalanche zone.
13:37 of 3rd period - Minor Penalty to Wayne Simmonds for Holding Stick.
13:38 of 3rd period - Henrik Zetterberg wins face-off versus Bryan Little in Lightning zone.
14:08 of 3rd period - Johnny Boychuk is hit by Brent Burns and loses puck.
15:37 of 3rd period - Penalty to Wayne Simmonds is over, Wayne Simmonds is back on ice.
15:50 of 3rd period - Wrist shot by Jay Bouwmeester.
15:50 of 3rd period - Deflect By Brandon Yip.
15:50 of 3rd period - Stopped by Jaroslav Halak with a rebound.
15:52 of 3rd period - Snap shot by Andrew Ladd.
15:52 of 3rd period - Stopped by Jaroslav Halak with a rebound.
15:54 of 3rd period - Slapshot by Johnny Boychuk.
15:54 of 3rd period - Shot Misses the Net.
16:29 of 3rd period - Alexander Radulov is hit by Robert Nilsson and loses puck.
16:43 of 3rd period - Icing by John Carlson.
16:44 of 3rd period - David Krejci wins face-off versus Wayne Simmonds in Lightning zone.
16:45 of 3rd period - Wrist shot by Brandon Yip.
16:45 of 3rd period - Stopped by Jaroslav Halak without a rebound.
16:46 of 3rd period - David Krejci wins face-off versus Logan Couture in Lightning zone.
16:47 of 3rd period - Snap shot by Brandon Yip.
16:47 of 3rd period - Shot Misses the Net.
16:49 of 3rd period - Slapshot by Andrew Ladd.
16:49 of 3rd period - Stopped by Jaroslav Halak without a rebound.
16:50 of 3rd period - Logan Couture wins face-off versus David Krejci in Lightning zone.
17:04 of 3rd period - Snap shot by Brandon Yip.
17:04 of 3rd period - Shot Misses the Net.
17:06 of 3rd period - Snap shot by Brandon Yip.
17:06 of 3rd period - Shot Misses the Net.
17:08 of 3rd period - Slapshot by Andrew Ladd.
17:08 of 3rd period - Deflect By Brandon Yip.
17:08 of 3rd period - Shot Blocked by Logan Couture.
17:08 of 3rd period - Puck is out of play.
17:09 of 3rd period - Bryan Little wins face-off versus Pierre-Marc Bouchard in Lightning zone.
17:21 of 3rd period - Minor Penalty to Daniel Carcillo for Holding.
17:22 of 3rd period - Henrik Zetterberg wins face-off versus Bryan Little in Lightning zone.
17:36 of 3rd period - Wrist shot by Andrei Kostitsyn.
17:36 of 3rd period - Shot Misses the Net.
17:38 of 3rd period - Wrist shot by Bryan Little.
17:38 of 3rd period - Shot Blocked by Henrik Zetterberg.
17:57 of 3rd period - Slapshot by Jay Bouwmeester.
17:57 of 3rd period - Deflect By Chris Higgins.
17:57 of 3rd period - Stopped by Jaroslav Halak without a rebound.
17:58 of 3rd period - Bryan Little wins face-off versus Kris Versteeg in Lightning zone.
17:59 of 3rd period - Snap shot by Corey Perry.
17:59 of 3rd period - Stopped by Jaroslav Halak without a rebound.
18:00 of 3rd period - Bryan Little wins face-off versus Kris Versteeg in Lightning zone.
19:21 of 3rd period - Penalty to Daniel Carcillo is over, Daniel Carcillo is back on ice.
19:36 of 3rd period - Brandon Yip is hit by Daniel Carcillo and loses puck.
Goals for this period are 1 for Avalanche vs 5 for Lightning .
Shots for this period are 11 for Avalanche vs 19 for Lightning .